 Dungeon Crawl Stone Soup version 0.26.1-11-gd32895ea62 (webtiles) character file.

Game seed: 5226823213475793176

29199 jlumianski the Thaumaturge (level 13, -26/101 HPs)
             Began as a Gnoll Warper on July 1, 2021.
             Was an Elder of Okawaru.
             Killed from afar by Frances (42 damage)
             ... with a shard of ice
             ... on level 12 of the Dungeon on July 2, 2021.
             The game lasted 01:30:53 (19105 turns).

jlumianski the Thaumaturge (Gnoll Warper)          Turns: 19105, Time: 01:30:53

Health: -26/101    AC: 13    Str: 14    XL:     13   Next: 43%
Magic:  26/26      EV: 20    Int: 20    God:    Okawaru [****..]
Gold:   222        SH:  0    Dex: 15    Spells: 18/31 levels left

rFire    . . .     SeeInvis +   w - +0 war axe
rCold    . . .     Faith    +   (no shield)
rNeg     . . .     Spirit   .   s - +0 ring mail
rPois    .         Reflect  .   (no helmet)
rElec    .         Harm     .   (no cloak)
rCorr    .         Rampage  .   U - +3 pair of gauntlets of War {Slay+5}
Will     .....                  m - +1 pair of boots
Stlth    +++.......             q - amulet of Ygunexac {Faith +Blink}
HPRegen  0.26/turn              N - ring of see invisible
MPRegen  0.20/turn              E - +4 ring of evasion

@: no status effects
A: distributed training, fangs 1, strong nose
a: Renounce Religion, Evoke Blink, Heroism


You were on level 12 of the Dungeon.
You worshipped Okawaru.
Okawaru was greatly pleased with you.
You visited 3 branches of the dungeon, and saw 14 of its levels.
You also visited: Trove and Ossuary.

You collected 904 gold pieces.
You spent 682 gold pieces at shops.

Inventory:

Hand Weapons
 t - a +3 longbow of freezing
 w - a +0 war axe (weapon)
 z - a +4 long sword of holy wrath
Missiles
 c - 280 arrows
 e - 5 boomerangs of dispersal
 k - 14 curare-tipped darts
 o - 14 bolts
 p - 8 boomerangs
 u - 2 throwing nets
 y - 48 poisoned darts (quivered)
 O - 6 javelins
Armour
 l - +0 acid dragon scales
 m - a +1 pair of boots (worn)
 s - a +0 ring mail (worn)
 U - the +3 pair of gauntlets of War (worn) {Slay+5}
   (You bought it in a shop on level 8 of the Dungeon)

   It affects your accuracy and damage with ranged weapons and melee attacks
   (+5).
Jewellery
 n - an uncursed amulet of regeneration
 q - the amulet of Ygunexac (around neck) {Faith +Blink}
   (You found it in a treasure trove)

   [amulet of faith]

   It allows you to gain divine favour quickly.
   It lets you blink.
 v - an uncursed ring of protection from fire
 C - an uncursed ring of resist corrosion
 E - a +4 ring of evasion (right hand)
 K - the ring of Daffodils {+Blink Str+6 Dex+3 Stlth-}
   (You found it in a treasure trove)

   [ring of strength]

   It affects your strength (+6).
   It affects your dexterity (+3).
   It lets you blink.
   It makes you less stealthy.
 M - the amulet of Meke {RegenMP rPois rN+ Will- Str+8}
   (You found it in a treasure trove)

   [amulet of magic regeneration]

   It increases your magic regeneration.
   It affects your strength (+8).
   It protects you from poison.
   It protects you from negative energy.
   It affects your willpower, your defense against some magical effects.
 N - a ring of see invisible (left hand)
 T - an uncursed ring of ice
Wands
 a - a wand of disintegration (9)
 L - a wand of flame (19)
 P - a wand of digging (31)
 V - a wand of acid (10)
Scrolls
 b - a scroll of enchant weapon
 d - 3 scrolls of blinking
 f - a scroll of magic mapping
 h - 4 scrolls of teleportation
 i - 5 scrolls of remove curse
 J - 4 scrolls of identify
 X - a scroll of amnesia
Potions
 g - 4 potions of curing
 j - 2 potions of might
 x - 2 potions of haste
 F - a potion of ambrosia
 H - a potion of invisibility
 Y - a potion of heal wounds
Miscellaneous
 A - a condenser vane
 W - a phial of floods


   Skills:
 + Level 9.4 Fighting
 + Level 8.2 Short Blades
 + Level 8.2 Long Blades
 + Level 9.4 Axes
 + Level 8.2 Maces & Flails
 + Level 8.2 Polearms
 + Level 8.2 Staves
 + Level 8.2 Slings
 + Level 8.2 Bows
 + Level 8.2 Crossbows
 + Level 8.6 Throwing
 + Level 8.6 Armour
 + Level 9.4 Dodging
 + Level 8.2 Stealth
 + Level 8.2 Shields
 + Level 8.2 Unarmed Combat
 + Level 9.6 Spellcasting
 + Level 6.8 Conjurations
 + Level 6.8 Hexes
 + Level 6.8 Summonings
 + Level 6.8 Necromancy
 + Level 8.8 Translocations
 + Level 6.8 Transmutations
 + Level 6.8 Fire Magic
 + Level 6.8 Ice Magic
 + Level 6.8 Air Magic
 + Level 6.8 Earth Magic
 + Level 6.8 Poison Magic
 + Level 9.0 Invocations
 + Level 8.2 Evocations


You had 18 spell levels left.
You knew the following spells:

 Your Spells              Type           Power        Failure   Level
a - Blink                 Tloc           N/A          1%          2
b - Gell's Gravitas       Tloc           22%          1%          3
c - Call Imp              Summ           36%          1%          2
d - Call Canine Familiar  Summ           36%          2%          3
e - Mephitic Cloud        Conj/Pois/Air  36%          2%          3

Your spell library contained the following spells:

 Spells                   Type           Power        Failure   Level
 Magic Dart               Conj           100%         1%          1
 Summon Small Mammal      Summ           100%         1%          1
 Slow                     Hex            36%          1%          2
 Lesser Beckoning         Tloc           22%          1%          3
 Teleport Other           Tloc           45%          1%          3
 Conjure Flame            Conj/Fire      36%          2%          3
 Summon Guardian Golem    Hex/Summ       36%          2%          3
 Passage of Golubria      Tloc           N/A          3%          4
 Summon Ice Beast         Ice/Summ       36%          8%          4
 Summon Lightning Spire   Summ/Air       36%          8%          4


Dungeon Overview and Level Annotations

Branches:
Dungeon (12/15)            Temple (1/1) D:4            Lair (1/6) D:10
    Orc (0/2) D:11        Ossuary (visited)

Altars:
Cheibriados
Dithmenos
Elyvilon
Fedhas
Gozag
Hepliaklqana
Kikubaaqudgha
Makhleb
Okawaru
Qazlal
Sif Muna
Trog
Uskayaw
Vehumet
Wu Jian
Xom
Yredelemnul
Zin

Shops:
D:6 *   D:7 *   D:8 [

Portals:
Abyss: D:8

Annotations:
D:6 3 runed translucent doors, 2bobheroes's ghost, novice DEIE
D:8 2 transporters, oc3rt's ghost, novice KoHu
D:9 1 runed translucent door, phalm's ghost, journeyman DsCj
D:12 Frances


Innate Abilities, Weirdness & Mutations

Your experience applies equally to all skills.
You have very sharp teeth.
Your uncanny sense of smell can sniff out nearby items.


Message History

h - 4 scrolls of teleportation (gained 1)
You start resting.
A centaur warrior zombie is nearby!
Frances shouts!
Frances chants phrases taken from a devil's mouth.
Frances chants phrases taken from a devil's mouth.
Frances seems to speed up.
Frances mutters in a terrible tongue.
The ice devil completely misses you.
You see here a +0 shortbow.
Things that are here:
a +1 long sword of holy wrath; a +0 shortbow Frances speaks in an indecipherable language.
Frances chants phrases taken from a devil's mouth.
The iron shot hits you!!!
Ouch! That really hurt!
* * * LOW HITPOINT WARNING * * *
Frances screams a word of power!
The shard of ice hits you!!!
You die...

#.........# ....
#.........# #.. #.........#
#########. #.........#
#......... #.........#
#......).. #.....>...#
#.....)(.. #.....<..[#
#.).....(#
######.###########4........
#....@.@..4.Z4........
#############........#
#........# #(.......#
##########


You could see Frances (fast), an ice devil (summoned) and a centaur warrior
zombie.

Vanquished Creatures
  Harold (D:7)
  2 hydras
  A centaur warrior (D:12)
  3 two-headed ogres
  Sonja (D:9)
  Nergalle (D:9)
  An unseen horror (D:11)
  A deep elf mage (D:12)
  An ugly thing (D:12)
  A cyclops (D:12)
  3 centaur skeletons
  A gargoyle (D:10)
  A komodo dragon (D:10)
  A kobold demonologist (D:11)
  3 trolls
  A meliai zombie (D:10)
  16 yaks
  3 wyverns
  Eustachio (D:5)
  2 steam dragons
  An acid dragon (D:11)
  Duvessa (D:3)
  2 water moccasins
  3 black bears
  4 orc warriors
  5 sky beasts
  2 ice beasts (D:8)
  2 necrophages
  6 ogres
  3 phantoms
  8 centaurs
  3 big kobolds
  4 bullfrogs
  An elf zombie (Ossuary)
  Blork the orc (D:4)
  A gnoll sergeant (D:7)
  2 wyvern zombies
  Dowan (D:3)
  5 scorpions
  A water moccasin zombie (D:12)
  8 killer bees
  6 electric eels
  10 wights
  A howler monkey (D:11)
  4 centaur zombies
  A quasit (D:8)
  9 orc priests
  7 bullfrog skeletons
  3 gnoll shamans (D:7)
  3 jellies
  10 hounds
  11 orc wizards
  Terence (D:3)
  6 iguanas
  8 worker ants
  A big kobold zombie (Ossuary)
  2 howler monkey zombies (D:9)
  2 mummies (Ossuary)
  5 gnolls (D:7)
  18 adders
  2 shadow imps
  3 white imps
  An ooze (D:2)
  2 adder zombies (D:7)
  2 adder skeletons
  2 leopard geckos
  39 orcs
  3 bats
  5 giant cockroaches
  2 gnoll zombies (Ossuary)
  7 goblins
  9 hobgoblins
  10 jackals
  23 kobolds
  2 quokkas
  4 ball pythons
  6 frilled lizards
  2 goblin zombies (Ossuary)
  5 hobgoblin zombies (Ossuary)
  A jackal zombie (D:7)
  A leopard gecko skeleton (D:5)
  2 orc zombies (Ossuary)
  A quokka zombie (D:8)
  4 rats
355 creatures vanquished.

Vanquished Creatures (collateral kills)
  4 yaks
  A soldier ant (D:9)
  A howler monkey (D:11)
  A worker ant (D:12)
  2 orcs (D:9)
9 creatures vanquished.

Vanquished Creatures (others)
  A wizard (D:5)
  41 fungi (D:10)
  59 plants
  6 withered plants (D:2)
107 creatures vanquished.

Grand Total: 471 creatures vanquished

Notes
Turn   | Place    | Note
-------+----------+-------------------------------------------
     0 | D:1      | jlumianski the Gnoll Warper began the quest for the Orb.
     0 | D:1      | Reached XP level 1. HP: 20/20 MP: 6/6
   629 | D:1      | Reached XP level 2. HP: 26/26 MP: 7/7
   647 | D:1      | Learned a level 2 spell: Blink
  1190 | D:2      | Reached XP level 3. HP: 31/31 MP: 9/9
  1194 | D:2      | Learned a level 3 spell: Gell's Gravitas
  1203 | D:2      | Found an ancient bone altar of Kikubaaqudgha.
  1282 | D:2      | Reached skill level 5 in Spellcasting
  1334 | D:2      | Found a glowing silver altar of Zin.
  1360 | D:2      | Reached skill level 1 in Invocations
  1738 | D:2      | Reached skill level 1 in Short Blades
  1738 | D:2      | Reached skill level 1 in Long Blades
  1738 | D:2      | Reached skill level 1 in Maces & Flails
  1738 | D:2      | Reached skill level 1 in Polearms
  1738 | D:2      | Reached skill level 1 in Staves
  1738 | D:2      | Reached skill level 1 in Slings
  1738 | D:2      | Reached skill level 1 in Bows
  1738 | D:2      | Reached skill level 1 in Crossbows
  1738 | D:2      | Reached skill level 1 in Stealth
  1738 | D:2      | Reached skill level 1 in Shields
  1738 | D:2      | Reached skill level 1 in Unarmed Combat
  1738 | D:2      | Reached skill level 1 in Evocations
  1738 | D:2      | Reached XP level 4. HP: 38/38 MP: 7/11
  1868 | D:2      | Noticed an ogre
  1898 | D:2      | Killed an ogre
  1899 | D:2      | Reached skill level 1 in Conjurations
  1899 | D:2      | Reached skill level 1 in Hexes
  1899 | D:2      | Reached skill level 1 in Summonings
  1899 | D:2      | Reached skill level 1 in Necromancy
  1899 | D:2      | Reached skill level 1 in Transmutations
  1899 | D:2      | Reached skill level 1 in Fire Magic
  1899 | D:2      | Reached skill level 1 in Ice Magic
  1899 | D:2      | Reached skill level 1 in Air Magic
  1899 | D:2      | Reached skill level 1 in Earth Magic
  1899 | D:2      | Reached skill level 1 in Poison Magic
  1899 | D:2      | Reached XP level 5. HP: 26/43 MP: 5/12
  2448 | D:3      | Noticed a necrophage
  2467 | D:3      | Killed a necrophage
  2468 | D:3      | Reached XP level 6. HP: 25/50 MP: 13/13
  2814 | D:3      | Found a basalt altar of Yredelemnul.
  2955 | D:3      | Noticed Terence
  2965 | D:3      | Killed Terence
  3167 | D:3      | Reached skill level 5 in Fighting
  3167 | D:3      | Reached skill level 5 in Axes
  3167 | D:3      | Reached skill level 5 in Dodging
  3172 | D:3      | Found a stormy altar of Qazlal.
  3811 | D:3      | Reached XP level 7. HP: 6/56 MP: 11/15
  4186 | D:4      | Found a snail-covered altar of Cheibriados.
  4415 | D:4      | Found a staircase to the Ecumenical Temple.
  4435 | Temple   | Entered the Ecumenical Temple
  4488 | Temple   | Became a worshipper of Warmaster Okawaru
  4740 | D:4      | Found a blossoming altar of Fedhas.
  4943 | D:4      | Noticed Duvessa
  4944 | D:4      | Noticed Dowan
  5193 | D:3      | Killed Duvessa
  5197 | D:3      | Killed Dowan
  5341 | D:4      | Found a bloodstained altar of Trog.
  5564 | D:4      | Noticed Blork the orc
  5587 | D:4      | Killed Blork the orc
  5588 | D:4      | Reached XP level 8. HP: 63/63 MP: 16/16
  6000 | D:5      | Entered Level 5 of the Dungeon
  6014 | D:5      | Found a bloodstained altar of Trog.
  6018 | D:5      | Noticed a wizard
  6024 | D:5      | Killed a wizard
  6044 | D:5      | Noticed Eustachio
  6055 | D:5      | Killed Eustachio
  6055 | D:5      | Reached * piety under Okawaru
  7028 | D:6      | Found Xoecroudgh's General Store.
  7052 | D:6      | Bought a potion of mutation for 112 gold pieces
  7179 | D:6      | Found a hide-covered altar of Uskayaw.
  7546 | D:6      | Found a runed translucent gate.
  7548 | D:6      | Found a runed translucent gate.
  7548 | D:6      | Noticed 2bobheroes's ghost (novice DEIE)
  7549 | D:6      | Found a runed translucent gate.
  7550 | D:6      | Noticed a kobold demonologist
  7919 | D:6      | Found a stormy altar of Qazlal.
  8267 | D:7      | Noticed Harold
  8288 | D:7      | HP: 3/64 [Harold/+0 scimitar (9)]
  8303 | D:7      | Killed Harold
  8303 | D:7      | Reached ** piety under Okawaru
  8304 | D:7      | Reached skill level 5 in Throwing
  8304 | D:7      | Reached skill level 5 in Armour
  8304 | D:7      | Reached XP level 9. HP: 30/70 MP: 12/18
  8353 | D:7      | Found a sand-covered staircase.
  8386 | Ossuary  | Entered an ossuary
  9265 | D:7      | Reached skill level 5 in Invocations
  9275 | D:7      | Found a white marble altar of Elyvilon.
  9309 | D:7      | Found Waontea's Lightly-Used Armoury.
  9885 | D:7      | Reached *** piety under Okawaru
  9910 | D:7      | Reached XP level 10. HP: 54/77 MP: 4/20
 10275 | D:7      | Found a hazy altar of Hepliaklqana.
 10293 | D:7      | Found a shadowy altar of Dithmenos.
 10309 | D:7      | Reached skill level 5 in Short Blades
 10309 | D:7      | Reached skill level 5 in Long Blades
 10309 | D:7      | Reached skill level 5 in Maces & Flails
 10309 | D:7      | Reached skill level 5 in Polearms
 10309 | D:7      | Reached skill level 5 in Staves
 10309 | D:7      | Reached skill level 5 in Slings
 10309 | D:7      | Reached skill level 5 in Bows
 10309 | D:7      | Reached skill level 5 in Crossbows
 10309 | D:7      | Reached skill level 5 in Stealth
 10309 | D:7      | Reached skill level 5 in Shields
 10309 | D:7      | Reached skill level 5 in Unarmed Combat
 10309 | D:7      | Reached skill level 5 in Evocations
 10773 | D:8      | Received a gift from Okawaru
 11222 | D:8      | Found an opulent altar of Gozag.
 11306 | D:8      | Reached **** piety under Okawaru
 11415 | D:8      | Found a one-way gate to the infinite horrors of the Abyss.
 11415 | D:8      | Noticed oc3rt's ghost (novice KoHu)
 11423 | D:8      | Found a transporter.
 11438 | D:8      | Found a transporter.
 11524 | D:8      | Learned a level 2 spell: Call Imp
 11528 | D:8      | Learned a level 3 spell: Call Canine Familiar
 11830 | D:8      | Noticed a red ugly thing
 12063 | D:8      | Found Qisafeosh's Armour Boutique.
 12067 | D:8      | Bought the +3 pair of gauntlets of War {Slay+5} for 570
                  | gold pieces
 12067 | D:8      | Found the +3 pair of gauntlets of War {Slay+5}
 12104 | D:8      | Found an ornate altar of the Wu Jian Council.
 12583 | D:9      | Received a gift from Okawaru
 12826 | D:9      | Noticed phalm's ghost (journeyman DsCj)
 12828 | D:9      | Found a runed translucent door.
 13280 | D:9      | Identified a scroll of acquirement
 13280 | D:9      | Acquired a +3 longbow of freezing
 13628 | D:10     | Entered Level 10 of the Dungeon
 13630 | D:10     | Noticed a gargoyle
 13636 | D:10     | Killed a gargoyle
 13637 | D:10     | Reached XP level 11. HP: 84/84 MP: 22/22
 13673 | D:10     | Noticed Nergalle
 13698 | D:10     | Reached ***** piety under Okawaru
 13878 | D:9      | Received a gift from Okawaru
 13879 | D:9      | Reached skill level 5 in Conjurations
 13879 | D:9      | Reached skill level 5 in Hexes
 13879 | D:9      | Reached skill level 5 in Summonings
 13879 | D:9      | Reached skill level 5 in Necromancy
 13879 | D:9      | Reached skill level 5 in Transmutations
 13879 | D:9      | Reached skill level 5 in Fire Magic
 13879 | D:9      | Reached skill level 5 in Ice Magic
 13879 | D:9      | Reached skill level 5 in Air Magic
 13879 | D:9      | Reached skill level 5 in Earth Magic
 13879 | D:9      | Reached skill level 5 in Poison Magic
 13943 | D:9      | Killed Nergalle
 14019 | D:10     | Found a staircase to the Lair.
 14183 | D:10     | Reached XP level 12. HP: 94/94 MP: 24/24
 14240 | D:10     | Received a gift from Okawaru
 14249 | D:10     | Noticed Sonja
 14639 | D:9      | Killed Sonja
 15305 | D:10     | Learned a level 3 spell: Mephitic Cloud
 15706 | D:10     | Noticed a two-headed ogre
 15711 | D:10     | Killed a two-headed ogre
 15842 | D:11     | Noticed a seven-headed hydra
 15900 | D:10     | Killed a seven-headed hydra
 16063 | D:11     | Paralysed by an orc for 3 turns
 16071 | D:11     | Found a portal to a secret trove of treasure.
 16122 | Trove    | Entered a treasure trove
 16131 | Trove    | Got a wavering lead amulet
 16133 | Trove    | Got a translucent iron ring
 16135 | Trove    | Got a vibrating jade amulet
 16155 | Trove    | Got a warped iron ring
 16157 | Trove    | Got a slimy copper amulet
 16176 | Trove    | Identified the amulet "Xyubruuge" {Faith Str-4 Dex+4} (You
                  | found it in a treasure trove)
 16182 | Trove    | Identified the amulet of Ygunexac {Faith +Blink} (You found
                  | it in a treasure trove)
 16193 | Trove    | Identified the ring "Yxunown" {+Inv rC- rN+ Str+4 Dex+6}
                  | (You found it in a treasure trove)
 16195 | Trove    | Identified the ring of Daffodils {+Blink Str+6 Dex+3
                  | Stlth-} (You found it in a treasure trove)
 16206 | Trove    | Identified the amulet of Meke {RegenMP rPois rN+ Will-
                  | Str+8} (You found it in a treasure trove)
 16209 | Trove    | Got a steaming hunting sling
 16213 | Trove    | Identified the +6 hunting sling "Uptocoin" {venom, rC+ rN+}
                  | (You found it in a treasure trove)
 16241 | Trove    | Got a faintly glowing quarterstaff
 16243 | Trove    | Identified the +4 quarterstaff "Plojy" {venom, +Inv} (You
                  | found it in a treasure trove)
 16307 | Lair:1   | Entered Level 1 of the Lair of Beasts
 16507 | D:11     | Noticed a two-headed ogre
 16519 | D:11     | Killed a two-headed ogre
 16998 | D:11     | Noticed a six-headed hydra
 17046 | D:11     | Killed a six-headed hydra
 17094 | D:11     | Reached XP level 13. HP: 94/101 MP: 14/26
 17292 | D:11     | Found a staircase to the Orcish Mines.
 18039 | D:12     | Noticed Frances
 18642 | D:12     | Received a gift from Okawaru
 19105 | D:12     | Killed from afar by Frances

Illustrated notes

Levels and vault maps discovered:
D:1:      dpeg_arrival_pits, layout_loops_corners, chequers_big_river
D:2:      layout_loops_ring, kiku_gazebo_garden_becter, general_overflow_altar
D:3:      layout_loops_cross, lemuel_crystal_altar, overflow_temple_1_default,
          uniq_terence
D:4:      minmay_diamond_boxcup, layout_loops_ring, marbit_many_paths,
          lightli_temple_of_fire, minmay_temple_entry_hall, lemuel_statue_altar,
          uniq_blork_the_orc, uniq_duvessa
D:5:      layout_cave_pods, trog_wizard, uniq_eustachio
D:6:      layout_cave_pods, eat_drink_and_be_merry_uskayaw, serial_shops, shop,
          gammafunk_ghost_nasty_kobolds, basic_altar
D:7:      kennysheep_housing_project, layout_rooms, grunt_dithmenos_shadows,
          kennysheep_mini_moat, elyvilon_altar_1, enter_ossuary_1,
          minmay_shop_damaged, kennysheep_generic_room_8, uniq_harold
D:8:      layout_loops_corners, overflow_temple_1_default,
          nicolae_overflow_hidden_temple, gammafunk_ghost_abyssal_escape,
          serial_shops, shop, minivault_14
D:9:      layout_small_grid, hellmonk_ghost_happy_afterlife
D:10:     layout_basic, due_lair_maze_entry_diamond, hangedman_decor_riveting,
          uniq_sonja, uniq_nergalle
D:11:     layout_stronghold, orc_0_dummy, nicolae_trove_entry_free_sample
D:12:     layout_rooms, serial_shops, shop_coins, serial_bayou_crossing,
          uniq_frances
Temple:   dpeg_chambers_temple
Lair:1:   layout_regular_city, basic_altar, chequers_serial_rivers_micro_e,
          minivault_24, eino_small_chamber_without_monster

Skill      XL: |  1  2  3  4  5  6  7  8  9 10 11 12 13 |
---------------+----------------------------------------+-----
Spellcasting   | 5 6 7 8 9 |  9.6
Invocations    | 1 2 3 4 5 6 7 8 9 |  9.0
Short Blades   | 1 2 4 5 7 8 |  8.2
Long Blades    | 1 2 4 5 7 8 |  8.2
Maces & Flails | 1 2 4 5 7 8 |  8.2
Polearms       | 1 2 4 5 7 8 |  8.2
Staves         | 1 2 4 5 7 8 |  8.2
Slings         | 1 2 4 5 7 8 |  8.2
Bows           | 1 2 4 5 7 8 |  8.2
Crossbows      | 1 2 4 5 7 8 |  8.2
Stealth        | 1 2 4 5 7 8 |  8.2
Shields        | 1 2 4 5 7 8 |  8.2
Unarmed Combat | 1 2 4 5 7 8 |  8.2
Evocations     | 1 2 4 5 7 8 |  8.2
Conjurations   | 1 2 3 4 5 6 |  6.8
Hexes          | 1 2 3 4 5 6 |  6.8
Summonings     | 1 2 3 4 5 6 |  6.8
Necromancy     | 1 2 3 4 5 6 |  6.8
Transmutations | 1 2 3 4 5 6 |  6.8
Fire Magic     | 1 2 3 4 5 6 |  6.8
Ice Magic      | 1 2 3 4 5 6 |  6.8
Air Magic      | 1 2 3 4 5 6 |  6.8
Earth Magic    | 1 2 3 4 5 6 |  6.8
Poison Magic   | 1 2 3 4 5 6 |  6.8
Throwing       | 3 5 6 7 8 |  8.6
Armour         | 3 5 6 7 8 |  8.6
Fighting       | 5 6 7 8 9 |  9.4
Axes           | 5 6 7 8 9 |  9.4
Dodging        | 5 6 7 8 9 |  9.4
Translocations | 6 7 8 |  8.8

Action                   |  1- 3 |  4- 6 |  7- 9 | 10-12 | 13-15 || total
-------------------------+-------+-------+-------+-------+-------++-------
Melee: Hand axe          |    86 |    28 |       |       |       ||   114
       Bite              |     4 |    15 |    53 |    45 |    15 ||   132
       War axe           |       |    77 |   416 |   390 |   106 ||   989
       Punch             |       |     1 |     6 |    10 |     4 ||    21
       Unarmed           |       |       |       |     5 |       ||     5
 Fire: Longbow           |       |       |       |   111 |    28 ||   139
Throw: Stone             |    20 |    40 |       |       |       ||    60
       Dart              |       |       |    37 |    18 |     1 ||    56
 Cast: Blink             |     1 |     8 |    13 |    21 |     5 ||    48
       Gell's Gravitas   |       |     8 |    38 |    38 |    16 ||   100
       Call Imp          |       |       |       |     9 |     2 ||    11
       Call Canine Famil |       |       |       |     4 |     2 ||     6
       Mephitic Cloud    |       |       |       |     3 |     5 ||     8
Invok: Heroism           |       |       |     1 |       |       ||     1
Evoke: Wand              |       |     2 |     5 |     6 |       ||    13
  Use: Scroll            |     1 |     4 |     9 |    10 |     1 ||    25
       Potion            |       |       |    11 |     3 |       ||    14
 Stab: Sleeping          |       |       |     3 |     8 |       ||    11
       Confused          |       |       |       |       |     3 ||     3
Armor: Leather armour    |    13 |       |       |       |       ||    13
       Ring mail         |    17 |    29 |   100 |   163 |    32 ||   341
Dodge: Dodged            |    57 |    99 |   421 |   586 |   130 ||  1293
